 Dungeon Crawl Stone Soup version 0.29.0-4-gdea44cf6ec (webtiles) character file.

Game seed: 9895421365013243273

76 RascalDebosk the Grave Robber (level 4, -8/32 HPs)
             Began as a Demonspawn Necromancer on Aug 27, 2022.
             Killed by nerve-wracking pain
             ... invoked by Grinder
              (12 damage)
             ... on level 3 of the Dungeon.
             The game lasted 00:37:18 (2182 turns).

RascalDebosk the Grave Robber (DsNe)                Turns: 2182, Time: 00:37:18

Health: -8/32      AC:  4    Str: 14    XL:     4   Next: 12%
Magic:  7/7        EV: 12    Int: 19    God:
Gold:   144        SH:  0    Dex: 13    Spells: 3/7 levels left

rFire   . . .      SeeInvis .   d - +2 short sword (flame)
rCold   + . .      Faith    .   (no shield)
rNeg    . . .      Spirit   .   l - +0 leather armour
rPois   .          Reflect  .   (no helmet)
rElec   .          Harm     .   (no cloak)
rCorr   .          Rampage  .   (no gloves)
Will    .....                   (no boots)
Stlth   ++........              (no amulet)
HPRegen 0.10/turn               g - +6 ring of strength
MPRegen 0.20/turn               i - ring of protection from cold

@: no status effects
A: rugged brown scales 1, spiny 1, magic regeneration
a: no special abilities


You were on level 3 of the Dungeon.
You visited 1 branch of the dungeon, and saw 3 of its levels.

You collected 144 gold pieces.

Inventory:

Hand Weapons
 d - a +2 short sword of flaming (weapon)
 r - a +2 vorpal hand axe
Armour
 a - a +0 robe
 l - a +0 leather armour (worn)
Magical Staves
 o - a staff of air
Jewellery
 g - a +6 ring of strength (left hand)
 i - a ring of protection from cold (right hand)
Scrolls
 e - 2 scrolls of identify {unknown}
 f - a scroll of blinking {unknown}
 j - a scroll of enchant weapon {unknown}
 k - a scroll of fear {unknown}
 m - a scroll of immolation {unknown}
 s - a scroll of teleportation {unknown}
Potions
 b - a potion of magic
 c - a potion of mutation {unknown}
 h - 2 potions of resistance {unknown}
 n - 3 potions of curing {unknown}
 p - 2 potions of heal wounds {unknown}
 q - a potion of degeneration {unknown}


   Skills:
 + Level 1.1 Fighting
 + Level 0.4 Armour
 + Level 2.3 Dodging
 + Level 2.3 Stealth
 + Level 2.4 Spellcasting
 + Level 4.7 Necromancy
 + Level 1.6 Invocations


You had 3 spell levels left.
You knew the following spells:

 Your Spells              Type           Power      Damage    Failure   Level
a - Necrotise             Necr           80%        1d8       3%          1
b - Vampiric Draining     Necr           20%        2d7       9%          3

Your spell library contained the following spells:

 Spells                   Type           Power      Damage    Failure   Level
 Beastly Appendage        Tmut           4%         N/A       21%         1
 Wereblood                Tmut           2%         N/A       30%         2
 Spider Form              Tmut/Pois      2%         N/A       52%         3
 Animate Dead             Necr           20%        N/A       30%         4
 Agony                    Necr           20%        N/A       63%         5


Dungeon Overview and Level Annotations

Branches:
Dungeon (3/15)

Altars:

Annotations:
D:3 Grinder


Innate Abilities, Weirdness & Mutations

You are partially covered in rugged brown scales. (AC +1, +3% HP)
You are partially covered in sharp spines.
You regenerate magic rapidly.


Message History

Grinder is struck by your spines. Grinder hits you!
Grinder blinks!
You can move again.
Found 4 stones and 12 gold pieces.
You hit Grinder but do no damage.
Grinder is lightly wounded.
Grinder closely misses you.
You closely miss Grinder.
Grinder is lightly wounded.
Grinder gestures at you.
You suddenly lose the ability to move!
Grinder blinks!
Grinder gestures at you. Pain shoots through your body!
You can move again.
Grinder gestures at you.
You shrug off the repeated paralysis!
You barely miss Grinder.
Grinder is lightly wounded.
Grinder hits you but does no damage.
You hit Grinder but do no damage.
Grinder is lightly wounded.
Grinder is struck by your spines. Grinder misses you.
You hit Grinder. You burn Grinder.
Grinder is lightly wounded.
Grinder is struck by your spines. Grinder closely misses you.
You hit Grinder but do no damage.
Grinder is moderately wounded.
Grinder blinks!
Grinder is struck by your spines. Grinder closely misses you.
You hit Grinder. You burn Grinder.
Grinder is heavily wounded.
Grinder hits you.
* * * LOW HITPOINT WARNING * * *
You writhe in agony.
* * * LOW HITPOINT WARNING * * *
You hit Grinder. You burn Grinder.
Grinder is severely wounded.
Grinder gestures at you. Pain shoots through your body!
You die...

##.## #(...............# #...#
###.###########.#### #.#.# #.#
#.......# . #...# ##+## #.##.##†#
. ##.#.## ##.($## #.##.##.# #
##.###.## ##.....## #.#≈≈≈≈≈≈
#.## ##.###......[## #..#.....
####.###.###....5....####...~....
......#....+....@....+..........#
#####...####.........####......##
##.## ##.......## ##.#.### #.#
##.....## ###.# #.# ##...## #.##
#.# ##'## #..# #.# #.# ##.# #.#
#.# #########.#
#.#########.####..Z...##.#


You could see Grinder.

Vanquished Creatures
  An adder (D:2)
  A worm (D:3)
  2 dart slugs
  An orc (D:3)
  A ball python (D:2)
  4 endoplasms
  3 giant cockroaches
  7 goblins
  8 hobgoblins
  3 quokkas
  7 bats
  3 frilled lizards
  6 kobolds
  2 rats (D:2)
49 creatures vanquished.

Vanquished Creatures (collateral kills)
  A dart slug (D:1)
  A ball python (D:1)
  A frilled lizard (D:2)
  2 rats (D:2)
5 creatures vanquished.

Grand Total: 54 creatures vanquished

Notes
Turn   | Place    | Note
-------+----------+-------------------------------------------
     0 | D:1      | RascalDebosk the Demonspawn Necromancer began the quest for
                  | the Orb.
     0 | D:1      | Reached XP level 1. HP: 13/13 MP: 3/3
   348 | D:1      | Gained mutation: You regenerate magic rapidly. [demonic
                  | ancestry]
   348 | D:1      | Reached XP level 2. HP: 20/20 MP: 5/5
   575 | D:1      | Reached skill level 1 in Invocations
   919 | D:2      | Reached skill level 1 in Fighting
   919 | D:2      | Gained mutation: You are partially covered in rugged brown
                  | scales. (AC +1, +3% HP) [demonic ancestry]
   919 | D:2      | Reached XP level 3. HP: 16/26 MP: 0/6
  1460 | D:2      | Learned a level 3 spell: Vampiric Draining
  1754 | D:3      | Found a faded altar of an unknown god.
  1992 | D:3      | Gained mutation: You are partially covered in sharp spines.
                  | [demonic ancestry]
  1992 | D:3      | Reached XP level 4. HP: 32/32 MP: 4/7
  2150 | D:3      | Noticed Grinder
  2161 | D:3      | Paralysed by Grinder for 5 turns
  2169 | D:3      | Paralysed by Grinder for 5 turns
  2182 | D:3      | Killed from afar by Grinder

Illustrated notes

Levels and vault maps discovered:
D:1:      mrwooster_arrival_statue_2, layout_basic
D:2:      layout_basic, minmay_nonomino_d4
D:3:      layout_loops_corners, chequers_ecumenical_altar_grove,
          chequers_serial_rivers_micro_e, uniq_grinder

Skill      XL: |  1  2 |
---------------+-------+-----
Stealth        | 2 |  2.3
Dodging        | 2 |  2.3
Invocations    | 1 |  1.6
Fighting       | 1 |  1.1
Armour         | |  0.4
Spellcasting   | |  2.4
Necromancy     | |  4.7

Action                   |  1- 3 |  4- 6 || total
-------------------------+-------+-------++-------
Melee: Short sword       |    10 |    15 ||    25
 Cast: Necrotise         |    69 |     7 ||    76
       Vampiric Draining |     1 |       ||     1
 Stab: Distracted        |     1 |       ||     1
Armor: Robe              |     3 |       ||     3
       Leather armour    |     3 |     4 ||     7
Dodge: Dodged            |    11 |    14 ||    25
